 Dungeon Crawl Stone Soup version 0.30-a0-141-g30f27751c5 (webtiles) character file.

Game seed: 3616974681407738099

298 qw the Chopper (level 6, 0/38 HPs)
             Began as a Gargoyle Fighter on Sept 25, 2022.
             Killed from afar by a steam dragon (15 damage)
             ... with a ball of steam
             ... on level 3 of the Dungeon.
             The game lasted 00:00:47 (2542 turns).

qw the Chopper (Gargoyle Fighter)                   Turns: 2542, Time: 00:00:48

Health: 0/38       AC: 13    Str: 22    XL:     6   Next: 35%
Magic:  6/6        EV:  8    Int:  8    God:
Gold:   93         SH:  5    Dex: 15    Spells: 5/5 levels left

rFire   . . .      SeeInvis .    Y - +0 war axe (elec)
rCold   . . .      Faith    .    c - +0 buckler
rNeg    + . .      Spirit   .    l - +0 chain mail
rPois   inf        Reflect  .    (no helmet)
rElec   +          Harm     .    (no cloak)
rCorr   .          Rampage  .    (no gloves)
Will    .....                    (no boots)
Stlth   ..........               (no amulet)
HPRegen 0.12/turn                f - +6 ring of dexterity
MPRegen 0.10/turn                (no ring)

@: no status effects
A: sickness immunity, AC +4, negative energy resistance 1, electricity
resistance, torment resistance 1, petrification resistance
a: no special abilities


You were on level 3 of the Dungeon.
You visited 1 branch of the dungeon, and saw 3 of its levels.

You collected 93 gold pieces.


Innate Abilities, Weirdness & Mutations

You are immune to sickness and miasma.
Your stone body is resilient. (AC +4)
You are immune to poison.
You resist negative energy. (rN+)
You are resistant to electric shocks. (rElec)
You are resistant to unholy torment.
You are immune to petrification.


   Skills:
 - Level 4.0 Fighting
 + Level 5.0 Axes
 - Level 1.0 Throwing
 - Level 3.2 Armour
 - Level 1.4 Dodging
 - Level 3.2 Shields


You had 5 spell levels left.
You didn't know any spells.
Your spell library was empty.

Inventory:

Hand Weapons
 o - a +0 flail
 Y - a +0 war axe of electrocution (weapon)
Missiles
 j - 12 boomerangs
 s - a javelin (quivered)
Armour
 c - a +0 buckler (worn)
 l - a +0 chain mail (worn)
Jewellery
 b - a ring of protection from fire
 f - a +6 ring of dexterity (left hand)
Scrolls
 a - a scroll of immolation {unknown}
 h - 3 scrolls of torment {unknown}
 m - a scroll of fog {unknown}
 q - 4 scrolls of identify
Potions
 d - a potion of might
 e - a potion of attraction {unknown}
 i - a potion of flight {unknown}
 k - a potion of cancellation {unknown}
 n - 2 potions of lignification {unknown}
 p - a potion of degeneration {unknown}
 r - a potion of brilliance {unknown}

Dungeon Overview and Level Annotations

Branches:
Dungeon (3/15)

Altars:

Annotations:
D:2 1 runed translucent door, Crazy Yiuf


Message History

q - 4 scrolls of identify (gained 1)
A steam dragon comes into view.
The steam dragon hisses angrily.
The steam dragon barely misses you. The steam dragon claws you.
You closely miss the steam dragon. The steam dragon breathes steam at you.
The ball of steam hits you but does no damage.
You hit the steam dragon.
The steam dragon is lightly wounded.
You are engulfed in a cloud of scalding steam.
The steam dragon bites you but does no damage.
You block the steam dragon's attack.
You closely miss the steam dragon.
The steam dragon is lightly wounded.
You are engulfed in a cloud of scalding steam.
The steam dragon bites you but does no damage.
The steam dragon claws you but does no damage.
The steam dragon breathes steam at you. The ball of steam hits you!
You slash the steam dragon!
The steam dragon is moderately wounded.
You are engulfed in a cloud of scalding steam.
The steam dragon bites you! The steam dragon barely misses you.
2539 ||| DRINKING potion of heal wounds.
You feel much better.
You are engulfed in a cloud of scalding steam.
You block the steam dragon's attack. The steam dragon barely misses you.
You barely miss the steam dragon.
The steam dragon is moderately wounded.
You are engulfed in a cloud of scalding steam.
The steam dragon bites you but does no damage.
The steam dragon claws you but does no damage.
You slash the steam dragon!
The steam dragon is severely wounded.
The steam dragon bites you. The steam dragon claws you.
You hit the steam dragon but do no damage.
The steam dragon is severely wounded.
The steam dragon breathes steam at you. The ball of steam hits you!
You die...

#.###.## ##.#..#
##.#.# #.#.# # #.#(#
# #.#.# # #.#.#
###.#.#
#.#############
....#.#
#....D@.......######.
#####.#
##########...........
......#
###.##)#######
#######
#............# #
#.#.##.#####.# #
#.#.##.# #.# #
#.#.##.#####.# #
#.#.....%....# #
#.###...####.#


You could see a steam dragon (catching breath).

Vanquished Creatures
  4 wights (D:3)
  2 adders (D:2)
  2 worms
  A dart slug (D:1)
  2 orcs (D:3)
  5 ball pythons
  2 endoplasms
  5 giant cockroaches
  6 goblins
  11 hobgoblins
  3 jackals (D:1)
  4 kobolds
  3 quokkas (D:1)
  3 bats
  3 frilled lizards
  5 rats
61 creatures vanquished.

Notes
Turn   | Place    | Note
-------+----------+-------------------------------------------
     0 | D:1      | qw the Gargoyle Fighter began the quest for the Orb.
     0 | D:1      | Reached XP level 1. HP: 14/14 MP: 1/1
     0 | D:1      | 0 ||| qw: Version: 0.2-a-9-ge00f85e
     0 | D:1      | 0 ||| qw: Game counter: 86
     0 | D:1      | 0 ||| qw: Always use a shield: true
     0 | D:1      | 0 ||| qw: God list: Okawaru
     0 | D:1      | 0 ||| qw: Allow faded altars: false
     0 | D:1      | 0 ||| qw: Do Orc after D:15 true
     0 | D:1      | 0 ||| qw: Do second Lair branch before Depths: true
     0 | D:1      | 0 ||| qw: Lair rune preference: random
     0 | D:1      | 0 ||| qw: Plans: Normal, Zot:1-4, God:TSO, Crypt, Tomb,
                  | Pan, Slime:5, Hells, Abyss, Orb
     0 | D:1      | 0 ||| PLANNING D:1-11
    29 | D:1      | Reached skill level 2 in Axes
   126 | D:1      | 126 ||| Stepping ~*~*~tactically~*~*~ (stealth).
   150 | D:1      | Reached XP level 2. HP: 15/19 MP: 2/2
   243 | D:1      | 243 ||| Stepping ~*~*~tactically~*~*~ (stealth).
   414 | D:1      | 414 ||| Stepping ~*~*~tactically~*~*~ (stealth).
   481 | D:1      | 481 ||| Stepping ~*~*~tactically~*~*~ (stealth).
   489 | D:1      | 489 ||| Stepping ~*~*~tactically~*~*~ (stealth).
   497 | D:1      | Reached skill level 3 in Axes
   515 | D:1      | 515 ||| Stepping ~*~*~tactically~*~*~ (stealth).
   519 | D:1      | Reached XP level 3. HP: 23/23 MP: 3/3
   566 | D:1      | 566 ||| DROPPING +0 club.
   663 | D:1      | Reached skill level 1 in Throwing
   972 | D:1      | 972 ||| READING scroll labelled URIHYD SUURE.
  1324 | D:2      | 1324 ||| Stepping ~*~*~tactically~*~*~ (stealth).
  1412 | D:2      | Reached XP level 4. HP: 28/28 MP: 4/4
  1483 | D:2      | Found a runed translucent door.
  1484 | D:2      | Noticed Crazy Yiuf
  1746 | D:2      | 1746 ||| UPGRADING to +0 chain mail.
  1756 | D:2      | 1756 ||| DROPPING +0 scale mail.
  1757 | D:2      | 1757 ||| UPGRADING to +6 ring of dexterity.
  1758 | D:2      | 1758 ||| READING scroll labelled KOTHROIL QUOLIGUIX.
  1759 | D:2      | 1759 ||| READING scroll labelled QEAQELU QOLEA.
  1760 | D:2      | 1760 ||| DRINKING 2 coppery potions.
  1919 | D:3      | Found a faded altar of an unknown god.
  2062 | D:3      | Reached skill level 4 in Axes
  2062 | D:3      | Reached XP level 5. HP: 28/32 MP: 5/5
  2108 | D:3      | Reached skill level 1 in Dodging
  2116 | D:3      | Reached skill level 5 in Axes
  2116 | D:3      | Reached XP level 6. HP: 33/37 MP: 6/6
  2174 | D:3      | 2174 ||| DROPPING +0 whip.
  2403 | D:3      | 2403 ||| Stepping ~*~*~tactically~*~*~ (hiding).
  2531 | D:3      | Noticed a steam dragon
  2538 | D:3      | HP: 9/38 [steam dragon (8)]
  2539 | D:3      | 2539 ||| DRINKING potion of heal wounds.
  2542 | D:3      | Killed from afar by a steam dragon

Levels and vault maps discovered:
D:1:      eino_arrival_cavern_a, layout_basic, minmay_misc_feat_rows,
          minmay_vboxes
D:2:      layout_loops_ring, uniq_crazy_yiuf_cottage
D:3:      cheibrodos_greedy_goblins, layout_loops_ring,
          shapermc_ecumenical_altar_ellora

Skill      XL: |  1  2  3  4  5  6 |
---------------+-------------------+-----
Axes           | 2 3 4 5 |  5.0
Throwing       | 1 |  1.0
Dodging        | 1 |  1.4
Fighting       | 4 |  4.0
Armour         | |  3.2
Shields        | |  3.2

Action                   |  1- 3 |  4- 6 || total
-------------------------+-------+-------++-------
Melee: War axe           |    88 |    46 ||   134
Throw: Javelin           |    22 |    17 ||    39
       Boomerang         |     4 |    11 ||    15
  Use: Scroll            |     1 |     2 ||     3
       Potion            |       |     2 ||     2
Armor: Scale mail        |    42 |     5 ||    47
       Chain mail        |       |    17 ||    17
Dodge: Dodged            |    34 |    20 ||    54
Block: Buckler           |    16 |     7 ||    23

Table legend:
 A = Non-vault XP
 B = Vault XP
 C = Vault XP percentage of total XP
 D = Non-vault monster count
 E = Vault monster count
 F = Vault count percentage of total count
                 A         B        C        D         E       F
            +---------+---------+-------+---------+---------+-------
      Total |     416 |      10 |   2.3 |      56 |       5 |   8.2
            +---------+---------+-------+---------+---------+-------
        D:1 |      43 |      10 |  18.9 |      25 |       5 |  16.7
        D:2 |      57 |       0 |   0.0 |      17 |       0 |   0.0
        D:3 |     316 |       0 |   0.0 |      14 |       0 |   0.0
            +---------+---------+-------+---------+---------+-------
